 Dungeon Crawl Stone Soup version 0.28.0-47-ge53b351184 (webtiles) character file.

Game seed: 16941134744215749593

25498 Exodus22XD the Severer (level 13, -1/118 HPs)
             Began as a Hill Orc Fighter on May 6, 2022.
             Was a Priest of Beogh.
             Killed from afar by an efreet (22 damage)
             ... with a fireball
             ... on level 14 of the Dungeon.
             The game lasted 00:28:46 (13719 turns).

Exodus22XD the Severer (Hill Orc Fighter)          Turns: 13719, Time: 00:28:47

Health: -1/118     AC: 29    Str: 30    XL:     13   Next: 19%
Magic:  20/20      EV:  7    Int:  8    God:    Beogh [***...]
Gold:   686        SH: 12    Dex: 21    Spells: 12/12 levels left

rFire   . . .      SeeInvis .   J - +0 trident (venom)
rCold   + . .      Faith    .   N - +0 kite shield {reflect}
rNeg    . . .      Spirit   .   h - +10 plate armour "Acvur" {rElec Dex+4 Slay+2}
rPois   .          Reflect  +   K - +1 helmet
rElec   +          Harm     .   G - +0 cloak
rCorr   .          Rampage  .   (no gloves)
Will    .....                   (no boots)
Stlth   ..........              (no amulet)
HPRegen 0.29/turn               B - ring "Lamosoq" {*Slow rC+ Str+6 Dex+7 Stlth+}
MPRegen 0.17/turn               (no ring)

@: invisible
A: no striking features
a: Renounce Religion, Smiting


You were on level 14 of the Dungeon.
You worshipped Beogh.
Beogh was most pleased with you.
You visited 1 branch of the dungeon, and saw 14 of its levels.
You also visited: Ossuary.

You collected 716 gold pieces.
You spent 30 gold pieces at shops.

Inventory:

Hand Weapons
 a - a +0 war axe
 C - a +1 hand axe of venom
 E - a +3 flail of protection
 J - a +0 trident of venom (weapon)
Armour
 h - the +10 plate armour "Acvur" (worn) {rElec Dex+4 Slay+2}
   (You found it on level 4 of the Dungeon)

   Dex:       It affects your dexterity (+4).
   Slay:      It affects your accuracy & damage with ranged weapons and melee
   (+2).
   rElec:     It insulates you from electricity.
 q - the +0 chain mail "Zeuto" {Rampage rCorr}
   (You found it on level 3 of the Dungeon)

   rCorr:     It protects you from acid and corrosion.
   Rampage:   It bestows one free step when moving towards enemies.
 G - a +0 cloak (worn)
 K - a +1 helmet (worn)
 N - a +0 kite shield of reflection (worn)
Jewellery
 B - the ring "Lamosoq" (left hand) {*Slow rC+ Str+6 Dex+7 Stlth+}
   (You found it on level 6 of the Dungeon)

   [ring of strength]

   Str:       It affects your strength (+6).
   Dex:       It affects your dexterity (+7).
   rC:        It protects you from cold.
   *Slow:     It may slow you when you take damage.
   Stlth:     It makes you more stealthy.
 M - a ring of fire
Wands
 s - a wand of paralysis (11)
 t - a wand of polymorph (3)
 u - a wand of flame (40)
 H - a wand of mindburst (8)
Scrolls
 e - 2 scrolls of fear
 f - 3 scrolls of fog
 g - 2 scrolls of vulnerability
 i - 2 scrolls of amnesia {unknown}
 l - 3 scrolls of silence {unknown}
 m - a scroll of blinking {unknown}
 o - 3 scrolls of teleportation
 p - 3 scrolls of enchant weapon {unknown}
 r - 2 scrolls of immolation
 v - a scroll of magic mapping {unknown}
 y - 2 scrolls of brand weapon {unknown}
 A - a scroll of enchant armour {unknown}
 L - a scroll of acquirement {unknown}
Potions
 b - a potion of magic
 c - a potion of resistance {unknown}
 d - 2 potions of might
 k - a potion of mutation
 n - a potion of berserk rage {unknown}
 w - 2 potions of lignification {unknown}
 x - 2 potions of invisibility
 z - a potion of haste {unknown}
 D - 2 potions of degeneration {unknown}
 F - a potion of curing {unknown}
 I - a potion of flight {unknown}
Miscellaneous
 j - a phantom mirror


   Skills:
 + Level 12.2 Fighting
 + Level 16.1 Axes
 - Level 1.2(8.9) Maces & Flails
 + Level 12.2 Armour
 - Level 1.0 Dodging
 + Level 9.2 Shields
 - Level 10.0 Invocations


You had 12 spell levels left.
You didn't know any spells.
Your spell library contained the following spells:

 Spells                   Type           Power      Damage    Failure   Level
 Ozocubu's Armour         Ice            0%         N/A       100%        3
 Ozocubu's Refrigeration  Ice            0%         4d5       100%        7


Dungeon Overview and Level Annotations

Branches:
Dungeon (14/15)            Temple (0/1) D:7            Lair (0/6) D:10
    Orc (0/2) D:10        Ossuary (visited)
 Vaults: D:13-14

Altars:
Ashenzari

Shops:
D:12 :[=?


Message History

The efreet is moderately wounded.
An orc wizard comes into view.
It is wielding a +3 dagger of holy wrath.
The orc wizard relaxes its fighting stance and smiles at you.
You block the efreet's attack. The efreet hits you but does no damage.
You strike the helpless efreet from behind!
You hit the efreet but do no damage.
The efreet is moderately wounded.
You hit the efreet.
The efreet is moderately wounded.
You catch the helpless efreet completely off-guard!
You puncture the efreet!
The efreet is severely wounded.
The efreet gestures at something.
You block the efreet's attack.
You hit the efreet.
The efreet is severely wounded.
You hit the efreet.
The efreet is almost dead.
The efreet hits you but does no damage. The efreet gestures at you.
The fireball explodes!
The fireball engulfs you but does no damage.
The fireball engulfs the efreet.
The efreet completely resists.
You hear a shout!
You hit the efreet but do no damage.
The efreet is almost dead.
The efreet gestures at you.
The fireball explodes!
The fireball engulfs you.
* * * LOW HITPOINT WARNING * * *
The fireball engulfs the efreet.
The efreet completely resists.
You catch the helpless efreet completely off-guard!
You hit the efreet.
The efreet is almost dead.
The efreet hits you but does no damage.
You barely miss the efreet.
The efreet is almost dead.
The efreet gestures at you.
The fireball explodes!
The fireball engulfs you!!
You die...

..o!.....
....... .....
... ##.#
#######..#######
#..............#
#.....@...<....#
#.....R........#
#..?...........#
+..............#
#..............#
#..............#
#..............#
###+############


You could see an efreet.

Vanquished Creatures
  Snorg (D:12)
  Fannar (D:12)
  A boulder beetle (D:12)
  2 hydras
  2 centaur warriors
  6 two-headed ogres
  A tengu warrior (D:13)
  3 death yaks (D:10)
  An ugly thing (D:11)
  2 cyclopes (D:12)
  A manticore (D:12)
  Joseph (D:9)
  Maurice (D:8)
  3 gargoyles
  A cane toad (shapeshifter) (D:13)
  An efreet (D:9)
  A tengu conjurer (D:13)
  4 trolls
  A hornet (D:11)
  13 slime creatures
  Grinder (D:6)
  4 wyverns
  A wraith (D:9)
  2 steam dragons
  10 yaks (D:10)
  Grum (D:8)
  A vampire mosquito (D:9)
  Edmund (D:6)
  A water moccasin (D:6)
  3 acid dragons
  2 sky beasts (D:6)
  2 orc warriors (D:10)
  2 ice beasts
  6 ogres
  A black bear (D:6)
  2 centaurs (D:9)
  A phantom (D:4)
  4 wolves (D:8)
  3 kobold brigands
  A bullfrog (D:8)
  5 gnoll sergeants (D:10)
  3 scorpions
  6 water moccasin zombies
  A water moccasin skeleton (D:7)
  5 killer bees (D:9)
  10 wights
  2 howler monkeys (D:8)
  2 centaur zombies
  A bullfrog zombie (D:6)
  2 hounds
  A bullfrog skeleton (D:6)
  A centaur skeleton (D:7)
  3 orc wizards
  Natasha (thrice) (D:3)
  2 iguanas
  2 hell rats (D:10)
  2 hound skeletons (D:4)
  3 mummies
  A howler monkey zombie (D:9)
  2 gnolls (D:10)
  A howler monkey skeleton (D:4)
  4 adders
  A river rat (D:10)
  A shadow imp (D:5)
  2 white imps
  9 adder zombies (Ossuary)
  2 worms (D:2)
  2 adder skeletons
  10 dart slugs (D:4)
  20 orcs
  10 bats
  12 endoplasms
  5 giant cockroaches
  4 gnoll zombies (Ossuary)
  6 hobgoblins
  17 kobolds
  4 quokkas
  9 ball pythons
  5 frilled lizards
  9 goblins
  6 hobgoblin zombies
  4 kobold zombies (Ossuary)
  5 orc zombies
  6 rats
307 creatures vanquished.

Vanquished Creatures (others)
  An orc (D:6)
  A kobold (D:9)
2 creatures vanquished.

Grand Total: 309 creatures vanquished

Notes
Turn   | Place    | Note
-------+----------+-------------------------------------------
     0 | D:1      | Exodus22XD the Hill Orc Fighter began the quest for the
                  | Orb.
     0 | D:1      | Reached XP level 1. HP: 19/19 MP: 1/1
   196 | D:1      | Reached XP level 2. HP: 27/27 MP: 2/2
   306 | D:1      | Reached skill level 3 in Axes
   332 | D:1      | Found a faded altar of an unknown god.
   540 | D:1      | Reached XP level 3. HP: 33/33 MP: 3/3
  1416 | D:2      | Reached skill level 4 in Axes
  1497 | D:2      | Reached XP level 4. HP: 38/40 MP: 4/4
  1532 | D:3      | Identified the +0 chain mail "Zeuto" {Rampage rCorr}
  1844 | D:3      | Noticed Natasha
  1858 | D:3      | Killed Natasha
  2589 | D:3      | Noticed Natasha
  2593 | D:3      | Killed Natasha
  2594 | D:3      | Reached skill level 5 in Axes
  2594 | D:3      | Reached XP level 5. HP: 47/47 MP: 5/5
  2603 | D:3      | Noticed Natasha
  2612 | D:3      | Killed Natasha
  2764 | D:4      | Identified the +10 plate armour "Acvur" {rElec Dex+4
                  | Slay+2}
  2834 | D:4      | Noticed an ogre
  2842 | D:4      | Killed an ogre
  2843 | D:4      | Reached skill level 6 in Axes
  2843 | D:4      | Reached XP level 6. HP: 25/53 MP: 6/6
  2864 | D:4      | Reached skill level 1 in Dodging
  2972 | D:4      | Found a sand-covered staircase.
  2980 | Ossuary  | Entered an ossuary
  3221 | Ossuary  | Reached skill level 7 in Axes
  3231 | Ossuary  | Reached XP level 7. HP: 58/60 MP: 7/7
  3247 | Ossuary  | Reached skill level 5 in Fighting
  3289 | Ossuary  | Reached skill level 8 in Axes
  3476 | D:4      | Reached skill level 9 in Axes
  3476 | D:4      | Reached XP level 8. HP: 52/70 MP: 8/8
  3930 | D:5      | Entered Level 5 of the Dungeon
  4001 | D:4      | Reached skill level 5 in Armour
  4620 | D:6      | Noticed Edmund
  4631 | D:6      | Reached skill level 10 in Axes
  4637 | D:6      | Killed Edmund
  4794 | D:6      | Noticed Grinder
  4795 | D:6      | Paralysed by Grinder for 6 turns
  4807 | D:6      | Killed Grinder
  4808 | D:6      | Reached skill level 11 in Axes
  4902 | D:6      | Reached XP level 9. HP: 74/78 MP: 9/9
  5146 | D:6      | Reached skill level 12 in Axes
  5326 | D:6      | Identified the ring "Lamosoq" {*Slow rC+ Str+6 Dex+7
                  | Stlth+}
  5352 | D:6      | Reached skill level 5 in Shields
  5662 | D:6      | Became a worshipper of Beogh the Brigand
  5905 | D:7      | Noticed a seven-headed hydra
  5947 | D:7      | Found a broken altar of Ashenzari.
  6160 | D:7      | Killed a seven-headed hydra
  6161 | D:7      | Reached skill level 13 in Axes
  6161 | D:7      | Reached skill level 1 in Maces & Flails
  6161 | D:7      | Reached XP level 10. HP: 30/88 MP: 10/10
  6677 | D:7      | Found a staircase to the Ecumenical Temple.
  7057 | D:8      | Noticed Grum
  7070 | D:8      | Killed Grum
  7247 | D:8      | Noticed Maurice
  7266 | D:8      | Killed Maurice
  7441 | D:8      | Reached * piety under Beogh
  8064 | D:9      | Identified the +0 chain mail "Rirolif" {rC+ Will+}
  8072 | D:9      | Reached skill level 1 in Invocations
  8401 | D:9      | Noticed a centaur warrior
  8414 | D:9      | Killed a centaur warrior
  8417 | D:9      | Reached ** piety under Beogh
  8684 | D:9      | Reached XP level 11. HP: 95/95 MP: 15/17
  8727 | D:9      | Noticed Joseph
  8741 | D:9      | Killed Joseph
  8824 | D:10     | Entered Level 10 of the Dungeon
  8898 | D:10     | Reached skill level 10 in Invocations
  8902 | D:10     | Reached skill level 14 in Axes
  9114 | D:10     | Noticed a death yak
  9114 | D:10     | Noticed a death yak
  9133 | D:10     | Noticed a death yak
  9140 | D:10     | Killed a death yak
  9159 | D:10     | Killed a death yak
  9170 | D:10     | Killed a death yak
  9547 | D:10     | Found a staircase to the Lair.
  9672 | D:10     | Found a staircase to the Orcish Mines.
  9691 | D:10     | HP: 3/93 [gargoyle/stone arrow (10)]
 10582 | D:10     | Reached *** piety under Beogh
 11065 | D:11     | Reached XP level 12. HP: 84/106 MP: 19/19
 11156 | D:11     | Noticed a six-headed hydra
 11168 | D:11     | Killed a six-headed hydra
 11169 | D:11     | Reached skill level 10 in Fighting
 11391 | D:11     | Found a broken altar of Ashenzari.
 11440 | D:11     | Reached skill level 10 in Armour
 11493 | D:11     | Noticed a two-headed ogre
 11501 | D:11     | Killed a two-headed ogre
 11502 | D:11     | Reached skill level 15 in Axes
 11630 | D:12     | Found Jasetif's Book Shoppe.
 11718 | D:12     | Noticed a two-headed ogre
 11718 | D:12     | Noticed Snorg
 11723 | D:12     | Noticed Fannar
 11732 | D:12     | Killed a two-headed ogre
 11735 | D:12     | Found Derap's Antique Armour Shoppe.
 11735 | D:12     | Noticed a boulder beetle
 11753 | D:12     | Killed Snorg
 11756 | D:12     | Killed a boulder beetle
 11775 | D:12     | Killed Fannar
 12254 | D:12     | Found Linamotz's Jewellery Shop.
 12414 | D:12     | Found Xedat's Magic Scroll Emporium.
 12442 | D:12     | Bought a scroll of identify for 30 gold pieces
 13340 | D:13     | Noticed a two-headed ogre
 13351 | D:13     | Killed a two-headed ogre
 13460 | D:13     | Noticed a centaur warrior
 13474 | D:13     | Killed a centaur warrior
 13475 | D:13     | Reached XP level 13. HP: 109/117 MP: 20/20
 13637 | D:13     | Reached skill level 16 in Axes
 13682 | D:13     | Paralysed by something for 2 turns
 13693 | D:13     | Noticed a vault guard
 13719 | D:14     | Killed from afar by an efreet

Illustrated notes

Levels and vault maps discovered:
D:1:      erik_arrival_cave_to_civilisation [erik_arrival_cave_to_hall],
          layout_basic, shapermc_ecumenical_altar_pompeii
D:2:      layout_basic, serial_glass, glass_columns_a, glass_columns_a,
          glass_columns_a, glass_columns_a, glass_columns_a, glass_columns_c,
          serial_shops, shop_coins, minmay_misc_feat_enclosed
D:3:      layout_basic, uniq_natasha
D:4:      kennysheep_slugbush, layout_basic, nicolae_ossuary_entry_giza
D:5:      layout_basic, serial_park_tiny_pond, kennysheep_crisscross
D:6:      minmay_angry_zag, layout_loops_ring, uniq_edmund, uniq_grinder
D:7:      layout_rooms, overflow_temple_1_default,
          minmay_temple_entry_mini_moons
D:8:      layout_basic, uniq_maurice, uniq_grum
D:9:      minmay_bloctagon_deflated, layout_basic, uniq_joseph
D:10:     layout_long_grid, dpeg_lair_monsters,
          kennysheep_orc_monster_closet_entryway
D:11:     layout_roguey, ashenzari_altar_1
D:12:     layout_rooms, serial_shops, nicolae_shop_hallway_plus,
          nicolae_shop_window_shopping, shop_fountains,
          nicolae_shop_window_shopping, uniq_snorg, uniq_fannar
D:13:     layout_loops_ring, erik_vaults_2
D:14:     layout_roguey, hangedman_parallel_progression, uniq_roxanne

Skill      XL: |  1  2  3  4  5  6  7  8  9 10 11 12 13 |
---------------+----------------------------------------+-----
Axes           | 3 4 5 6 7 9 11 13 14 15 16 | 16.1
Fighting       | 4 5 6 7 8 9 11 12 | 12.2
Armour         | 4 5 7 9 11 12 | 12.2
Dodging        | 1 |  1.0
Shields        | 4 5 6 7 9 |  9.2
Maces & Flails | 1 |  1.2
Invocations    | 8 10 | 10.0

Action                   |  1- 3 |  4- 6 |  7- 9 | 10-12 | 13-15 || total
-------------------------+-------+-------+-------+-------+-------++-------
Melee: War axe           |   104 |   158 |   281 |    63 |       ||   606
       Flail             |       |       |    10 |    71 |       ||    81
       Hand axe          |       |       |       |   425 |    23 ||   448
       Trident           |       |       |       |    36 |    45 ||    81
Invok: Convert to Beogh  |       |       |     1 |       |       ||     1
Evoke: Wand              |       |       |       |     8 |       ||     8
  Use: Scroll            |       |     2 |     6 |     6 |     1 ||    15
       Potion            |       |       |     1 |     6 |     1 ||     8
 Stab: Invisible         |       |       |       |       |     3 ||     3
Armor: Scale mail        |    52 |    21 |       |       |       ||    73
       Plate armour      |       |    63 |   201 |   311 |    50 ||   625
Dodge: Dodged            |    49 |    45 |    79 |   149 |     7 ||   329
Block: Buckler           |    22 |    31 |    87 |   172 |     7 ||   319
       Kite shield       |       |       |       |       |    19 ||    19
